 Dungeon Crawl Stone Soup version 0.30-a0-1157-g2cc9ac7196 (webtiles) character file.

Game seed: 11984602129530026487

16 iamoutofideas the Chopper (level 2, -2/25 HPs)
             Began as a Hill Orc Reaver on Apr 25, 2023.
             Slain by a hobgoblin (3 damage)
             ... led by Robin
             ... on level 1 of the Dungeon.
             The game lasted 00:00:39 (589 turns).

iamoutofideas the Chopper (Hill Orc Reaver)          Turns: 589, Time: 00:00:40

Health: -2/25      AC:  4    Str: 14    XL:     2   Next: 58%
Magic:  4/4        EV: 11    Int: 13    God:
Gold:   38         SH:  0    Dex:  9    Spells: 3/4 levels left

rFire   . . .        a - +0 hand axe
rCold   . . .        (no shield)
rNeg    . . .        b - +0 leather armour
rPois   .            (no helmet)
rElec   .            d - +0 cloak
rCorr   .            (no gloves)
SInv    .            (no boots)
Will    .....        (no amulet)
Stlth   +            (no ring)
HPRegen 0.24/turn    (no ring)
MPRegen 0.09/turn

%: no passive effects
@: flying, invisible
A: no striking features
a: no special abilities


You were on level 1 of the Dungeon.
You visited 1 branch of the dungeon, and saw 2 of its levels.

You collected 38 gold pieces.

Inventory:

Hand Weapons
 a - a +0 hand axe (weapon)
Armour
 b - a +0 leather armour (worn)
 d - a +0 cloak (worn)
Scrolls
 f - a scroll of enchant weapon {unknown}
Potions
 c - 2 potions of flight


   Skills:
 - Level 2.4 Fighting
 + Level 5.0 Axes
 - Level 1.6 Dodging
 - Level 1.6 Spellcasting
 - Level 3.0 Conjurations


You had 3 spell levels left.
You knew the following spells:

 Your Spells              Type           Power      Damage    Failure   Level
a - Kiss of Death         Conj/Necr      16%        2d6       19%         1

Your spell library contained the following spells:

 Spells                   Type           Power      Damage    Failure   Level
 Momentum Strike          Conj/Tloc      8%         3d8       28%         2
 Hailstorm                Conj/Ice       4%         3d4       50%         3


Dungeon Overview and Level Annotations

Branches:
Dungeon (2/15)

Altars:

Annotations:
D:2 Robin


Message History

You are too injured to fight recklessly!
You are too injured to fight recklessly!
You are too injured to fight recklessly!
You are too injured to fight recklessly!
You hit the hobgoblin but do no damage.
The hobgoblin is moderately wounded.
You closely miss the hobgoblin. You closely miss the goblin.
The hobgoblin hits you but does no damage.
The goblin completely misses you. The hobgoblin barely misses you.
You hit the hobgoblin but do no damage.
The hobgoblin is moderately wounded.
You hit the hobgoblin but do no damage. You hit the goblin.
The hobgoblin misses you. The goblin hits you but does no damage.
The hobgoblin closely misses you.
You closely miss the hobgoblin.
The hobgoblin is moderately wounded.
You barely miss the goblin. You hit the hobgoblin. The hobgoblin hits you.
The goblin hits you with a +0 dagger.
* * * LOW HITPOINT WARNING * * *
The hobgoblin barely misses you.
You hit the hobgoblin.
You kill the hobgoblin!
You hit the goblin. You hit the hobgoblin but do no damage.
The goblin barely misses you. The hobgoblin misses you.
The hobgoblin attacks as you move away! The hobgoblin barely misses you.
The goblin hits you with a +0 dagger.
* * * LOW HITPOINT WARNING * * *
You see here a hobgoblin corpse.
Unknown command.
It was a potion of flight.
You feel very buoyant.
You fly up into the air.
The goblin no longer looks unusually strong.
The goblin misses you.
The hobgoblin hits you but does no damage.
It was a potion of invisibility.
You fade into invisibility!
The goblin closely misses you. The hobgoblin closely misses you.
The hobgoblin hits you.
You die...

P####..# ####.####
PP...### #.......#
..P...P# #.......#
#.###### #..#.##.#
#.# #..#.##.# #'##
#..#.##g# ...##
#..#.##.# ....##
#.....g†# .....##
##.#.##@#
......####.......#
......'.......####
......####....#
.....## ##.#.#
....## #...# ...##
#.### #+# #.# #.#
#.#


You could see a hobgoblin (strong, unable to see you) and a goblin (unable to
see you).

Vanquished Creatures
  A dart slug (D:1)
  An endoplasm (D:1)
  3 goblins (D:2)
  3 hobgoblins (D:1)
  2 ball pythons (D:1)
  A frilled lizard (D:1)
  A kobold (D:1)
  A rat (D:1)
13 creatures vanquished.

Notes
Turn   | Place    | Note
-------+----------+-------------------------------------------
     0 | D:1      | iamoutofideas the Hill Orc Reaver began the quest for the
                  | Orb.
     0 | D:1      | Reached XP level 1. HP: 18/18 MP: 3/3
   129 | D:1      | Found a faded altar of an unknown god.
   344 | D:1      | Reached XP level 2. HP: 24/25 MP: 4/4
   561 | D:1      | You fall into a shaft and drop 1 floor!
   570 | D:2      | Noticed Robin
   574 | D:2      | Reached skill level 5 in Axes
   586 | D:1      | HP: 1/25 [goblin/+0 dagger[Robin] (5)]
   589 | D:1      | Slain by a hobgoblin

Illustrated notes

Levels and vault maps discovered:
D:1:      eino_arrival_tree_alley, layout_loops_corners,
          shapermc_ecumenical_altar_mp_ritualfount
D:2:      layout_basic, uniq_robin, uniq_crazy_yiuf_cottage

Skill      XL: |  1  2 |
---------------+-------+-----
Axes           | 5 |  5.0
Fighting       | |  2.4
Dodging        | |  1.6
Spellcasting   | |  1.6
Conjurations   | |  3.0

Action                     || total
---------------------------++-------
  Melee: Hand axe          ||    32
         Punch             ||     1
    Use: Potion            ||     2
 Armour: Leather armour    ||    13
  Dodge: Dodged            ||    34

Table legend: (Time is in decaauts)
 A = Elapsed time spent in this place.
 B = Non-inter-level travel time spent in this place.
 C = Inter-level travel time spent in this place.
 D = Time resting spent in this place.
 E = Time spent auto-exploring this place.
 F = Levels seen in this place.
 G = Mean time per level.
                   A        B        C        D        E       F      G
               +--------+--------+--------+--------+--------+-----+--------+
         Total |    592 |    592 |      0 |      0 |    495 |   2 |  296.0 |
       Dungeon |    592 |    592 |      0 |      0 |    495 |   2 |  296.0 |
               +--------+--------+--------+--------+--------+-----+--------+

Top non-repeatable levels by time:
     D:1: 574 daAuts
     D:2: 17 daAuts
